 Dungeon Crawl Stone Soup version 0.21-a0-521-g1cd18d1148 (webtiles) character file.

88 JackS81 the Vandal (level 4, -2/29 HPs)
             Began as a Halfling Hunter on Dec 5, 2017.
             Succumbed to Crazy Yiuf's poison
             ... on level 3 of the Dungeon.
             The game lasted 00:07:24 (2030 turns).

JackS81 the Vandal (Halfling Hunter)                Turns: 2030, Time: 00:07:24

Health: -2/29      AC:  3    Str: 13    XL:     4   Next: 82%
Magic:  4/4        EV: 15    Int:  9    God:
Gold:   140        SH:  0    Dex: 15    Spells: 3/3 levels left

rFire    . . .     SeeInvis .   b - +0 short sword
rCold    . . .     Gourm    .   (shield restricted)
rNeg     . . .     Faith    .   c - +0 leather armour
rPois    .         Spirit   .   (no helmet)
rElec    .         Reflect  .   (no cloak)
rCorr    .         Harm     .   (no gloves)
MR       +....                  (no boots)
Stlth    ++........             (no amulet)
HPRegen  0.09/turn              k - ring of protection from magic
MPRegen  0.09/turn              (no ring)

@: lethally poisoned (-2 -> -23), berserk cooldown, slowed, very slow
A: small, mutation resistance 1
a: no special abilities


You were on level 3 of the Dungeon.
You were not hungry.

You visited 1 branch of the dungeon, and saw 3 of its levels.

You collected 140 gold pieces.

Inventory:

Hand Weapons
 a - a +1 hunting sling
 b - a +0 short sword (weapon)
 s - a -1 short sword
Missiles
 d - 80 sling bullets
 j - 139 stones (quivered)
Armour
 c - a +0 leather armour (worn)
Jewellery
 k - a ring of protection from magic (left hand)
Wands
 t - a wand of random effects (33)
Scrolls
 l - a scroll of identify
Potions
 i - a potion of curing
Comestibles
 f - 4 bread rations
 g - a meat ration
 h - a chunk of flesh
 p - a royal jelly


   Skills:
 - Level 1.7 Fighting
 * Level 1.0 Short Blades
 + Level 7.8 Slings
 * Level 1.0 Armour
 * Level 2.7 Dodging
 - Level 1.1 Stealth


You had 3 spell levels left.
You didn't know any spells.

Dungeon Overview and Level Annotations

Branches:
Dungeon (3/15)

Altars:
Elyvilon
Nemelex Xobeh

Annotations:
D:3 Crazy Yiuf


Innate Abilities, Weirdness & Mutations

You are small and have problems with some larger weapons.
You are somewhat resistant to further mutation.


Message History

Crazy Yiuf shouts!
Found a mace.
You feel your anger nearly subside.
There is an open door here.
You are no longer berserk.
You are exhausted.
You feel yourself slow down.
Crazy Yiuf hits you with a quarterstaff of chaos.
Crazy Yiuf burns you.
You hit Crazy Yiuf.
Crazy Yiuf is moderately wounded.
Crazy Yiuf hits you with a quarterstaff of chaos!
You hit Crazy Yiuf.
Crazy Yiuf is severely wounded.
Crazy Yiuf hits you with a quarterstaff of chaos!
* * * LOW HITPOINT WARNING * * *
You are lethally poisoned!
You barely miss Crazy Yiuf.
Crazy Yiuf is severely wounded.
You die...

####...#####
............##
#####.#####..#
### ##.# #.#
♣♣♣♣♣##.##
#####♣♣♣.♣...#..#
#...#♣..♣..P....#
#.g@'.♣♣♣♣PP....#
#)..#♣♣ ♣♣P.#.##
##### ♣♣####


You could see Crazy Yiuf.

Vanquished Creatures
  3 gnolls (D:2)
  An adder (D:3)
  An ooze (D:1)
  2 worms
  2 dart slugs
  A leopard gecko (D:3)
  7 bats
  2 giant cockroaches (D:1)
  A goblin (D:1)
  3 hobgoblins
  3 jackals (D:1)
  A quokka (D:3)
  A ball python (D:1)
  A frilled lizard (D:1)
  2 kobolds
  5 rats (D:1)
36 creatures vanquished.

Notes
Turn   | Place    | Note
-------+----------+-------------------------------------------
     0 | D:1      | JackS81 the Halfling Hunter began the quest for the Orb.
     0 | D:1      | Reached XP level 1. HP: 14/14 MP: 1/1
    55 | D:1      | Reached skill level 6 in Slings
   116 | D:1      | Reached XP level 2. HP: 19/19 MP: 2/2
   253 | D:1      | Found a sparkling altar of Nemelex Xobeh.
   482 | D:1      | Reached XP level 3. HP: 24/24 MP: 3/3
   564 | D:1      | Reached skill level 7 in Slings
  1115 | D:2      | Reached XP level 4. HP: 21/29 MP: 4/4
  1827 | D:3      | Reached skill level 1 in Short Blades
  1835 | D:3      | Found a white marble altar of Elyvilon.
  1877 | D:3      | Reached skill level 1 in Armour
  2019 | D:3      | Found a runed door.
  2025 | D:3      | Noticed Crazy Yiuf
  2029 | D:3      | HP: 1/29 [Crazy Yiuf/quarterstaff of chaos (12)]
  2030 | D:3      | Succumbed to Crazy Yiuf's poison

Vault maps used:
D:1:      dpeg_arrival_houses_and_road, nemelex_xobeh_ov_fountains_minmay
D:2:      lemuel_statue_altar
D:3:      minitemple, elyvilon_altar_4, first_bread, uniq_ijyb,
          uniq_crazy_yiuf_cottage

Skill      XL: |  1  2  3  4 |
---------------+-------------+-----
Slings         | 6 7 |  7.8
Short Blades   | 1 |  1.0
Armour         | 1 |  1.0
Fighting       | |  1.7
Dodging        | |  2.7
Stealth        | |  1.1

Action                   |  1- 3 |  4- 6 || total
-------------------------+-------+-------++-------
Melee: Short sword       |       |    14 ||    14
 Fire: Hunting sling     |    66 |    40 ||   106
  Use: Scroll            |       |     7 ||     7
       Potion            |       |     1 ||     1
  Eat: Chunk             |       |     3 ||     3
Armor: Leather armour    |     8 |     3 ||    11
Dodge: Dodged            |     7 |    17 ||    24

Table legend:
 A = Spawn XP
 B = Non-spawn XP
 C = Spawn XP percentage of total XP
 D = Spawn monster count
 E = Non-spawn monster count
 F = Spawn count percentage of total count
 G = Total turns spent on level
                    A         B        C        D         E        F      G
               +---------+---------+-------+---------+---------+-------+---------
         Total |       0 |     127 |   0.0 |       0 |      36 |   0.0 |  2030
               +---------+---------+-------+---------+---------+-------+---------
           D:1 |       0 |      39 |   0.0 |       0 |      20 |   0.0 |   873
           D:2 |       0 |      62 |   0.0 |       0 |      10 |   0.0 |   911
           D:3 |       0 |      26 |   0.0 |       0 |       6 |   0.0 |   246
               +---------+---------+-------+---------+---------+-------+---------
